 Dungeon Crawl Stone Soup version 0.30.1-4-g462c640d31 (webtiles) character file.

Game seed: 6821292616770344812

72 Babbit the Shield-Bearer (level 4, 0/40 HPs)
             Began as a Minotaur Fighter on Aug 21, 2023.
             Succumbed to an adder's poison
             ... on level 2 of the Dungeon.
             The game lasted 00:03:42 (1084 turns).

Babbit the Shield-Bearer (Minotaur Fighter)         Turns: 1084, Time: 00:03:43

Health: 0/40       AC:  8    Str: 23    XL:     4   Next: 7%
Magic:  3/3        EV: 10    Int:  5    God:
Gold:   81         SH:  4    Dex:  9    Spells: 3/3 levels left

rFire   + . .        a - +0 war axe
rCold   x . .        c - +0 buckler
rNeg    . . .        k - +3 ring mail
rPois   .            (helmet restricted)
rElec   .            (no cloak)
rCorr   .            (no gloves)
SInv    +            (no boots)
Will    .....        (no amulet) Stlth
                     b - ring of fire
HPRegen 0.26/turn    n - ring of see invisible
MPRegen 0.08/turn

%: no passive effects
@: lethally poisoned (0 -> -1)
A: horns 2, retaliatory headbutt
a: no special abilities


You were on level 2 of the Dungeon.
You visited 1 branch of the dungeon, and saw 2 of its levels.

You collected 81 gold pieces.

Inventory:

Hand Weapons
 a - a +0 war axe (weapon)
Armour
 c - a +0 buckler (worn)
 k - a +3 ring mail (worn)
Jewellery
 b - a ring of fire (left hand)
 n - a ring of see invisible (right hand)
Scrolls
 f - a scroll of brand weapon {unknown}
Potions
 d - a potion of might
 e - 2 potions of haste {unknown}
 g - a potion of curing {unknown}
 h - a potion of attraction {unknown}
 i - a potion of resistance {unknown}
 j - a potion of brilliance {unknown}
 l - a potion of invisibility {unknown}
 m - a potion of cancellation {unknown}


   Skills:
 + Level 4.2 Fighting
 + Level 3.8 Axes
 + Level 4.1 Armour
 + Level 0.1 Dodging
 + Level 4.2 Shields


You had 3 spell levels left.
You didn't know any spells.
Your spell library was empty.

Dungeon Overview and Level Annotations

Branches:
Dungeon (2/15)

Altars:

Annotations:
D:2 Sigmund


Innate Abilities, Weirdness & Mutations

You have a pair of horns on your head.
You reflexively headbutt those who attack you in melee.


Message History

Sigmund is almost dead.
You barely miss the adder.
You feel sick.
You are no longer poisoned.
The adder barely misses you. Sigmund closely misses you.
The adder barely misses you.
You barely miss Sigmund.
Sigmund is almost dead.
You closely miss the adder. The adder closely misses you.
Sigmund barely misses you.
You closely miss Sigmund.
Sigmund is almost dead.
You barely miss the adder. The adder bites you but does no damage.
The adder closely misses you. Sigmund barely misses you.
You barely miss Sigmund.
Sigmund is almost dead.
You closely miss the adder. You block the adder's attack.
The adder bites you but does no damage. Sigmund barely misses you.
The adder bites you.
You are poisoned.
The adder poisons you!
Things that are here:
a +0 short sword; 2 stones; a kobold corpse You feel sick.
The adder completely misses you. Sigmund gestures at you while chanting.
The magic dart hits you!
* * * LOW HITPOINT WARNING * * *
The adder bites you but does no damage.
You hit the adder but do no damage. You closely miss Sigmund.
* * * LOW HITPOINT WARNING * * *
You feel sick. The adder closely misses you. Sigmund closely misses you.
You slash the adder! You headbutt the adder.
You kill the adder!
You closely miss Sigmund.
* * * LOW HITPOINT WARNING * * *
You feel sick. Sigmund barely misses you.
You have reached level 4!
You feel stronger.
You closely miss Sigmund.
Sigmund is almost dead.
You die...

#### ##...# ##.....##
#......@# #......@#
#......)##########
##...............#######
#..<..####.............
#...... #####..######
#...... ##.# #......
#.### ##..... #...#####
##...# ###.....#


You could see Sigmund (invisible).

Vanquished Creatures
  3 adders (D:2)
  A worm (D:2)
  4 ball pythons (D:1)
  6 endoplasms
  2 giant cockroaches (D:1)
  4 goblins
  3 hobgoblins (D:1)
  4 jackals (D:1)
  A quokka (D:1)
  2 bats
  3 frilled lizards
  3 kobolds
  7 rats (D:1)
43 creatures vanquished.

Notes
Turn   | Place    | Note
-------+----------+-------------------------------------------
     0 | D:1      | Babbit the Minotaur Fighter began the quest for the Orb.
     0 | D:1      | Reached XP level 1. HP: 19/19 MP: 0/0
   237 | D:1      | Reached XP level 2. HP: 20/27 MP: 1/1
   503 | D:1      | Found a faded altar of an unknown god.
   563 | D:1      | Reached XP level 3. HP: 33/33 MP: 2/2
  1068 | D:2      | Noticed Sigmund
  1084 | D:2      | Reached XP level 4. HP: 2/40 MP: 3/3
  1084 | D:2      | Succumbed to an adder's poison

Illustrated notes

Levels and vault maps discovered:
D:1:      lemuel_arrival_hallway, layout_loops_ring,
          hellmonk_ecumenical_altar_blasted, chequers_serial_rivers_small_3
D:2:      layout_rooms, basic_altar, nrook_campfire, uniq_sigmund

Skill      XL: |  1  2  3 |
---------------+----------+-----
Shields        | 4 |  4.2
Fighting       | 4 |  4.2
Armour         | 4 |  4.1
Axes           | 3 |  3.8
Dodging        | |  0.1

Action                     |  1- 3 |  4- 6 || total
---------------------------+-------+-------++-------
  Melee: War axe           |    78 |     1 ||    79
         Headbutt          |     7 |       ||     7
 Armour: Scale mail        |    14 |       ||    14
         Ring mail         |    20 |       ||    20
  Dodge: Dodged            |    50 |       ||    50
  Block: Buckler           |    17 |       ||    17
